 Dungeon Crawl Stone Soup version 0.17.0-23-g0de4337 (webtiles) character file.

383 kosy22 the Ducker (level 6, -1/61 HPs)
             Began as a Troll Berserker on Nov 13, 2015.
             Was an Initiate of Nemelex Xobeh.
             Slain by a black bear (3 damage)
             ... created by the rage of Trog
             ... on level 3 of the Dungeon.
             The game lasted 00:07:04 (2380 turns).

kosy22 the Ducker (Troll Berserker)                 Turns: 2380, Time: 00:07:05

Health: -1/61      AC:  5    Str: 28    XL:     6   Next: 47%
Magic:  5/5        EV:  6    Int:  3    God:    Nemelex Xobeh [......]
Gold:   49         SH: 14    Dex:  9    Spells: 0 memorised, 5 levels left

rFire  . . .     SeeInvis .       - Unarmed
rCold  . . .     Clarity  .     a - +0 animal skin
rNeg   . . .     SustAt   .     l - +0 large shield
rPois  .         Gourm    +     (helmet restricted)
rElec  .         Spirit   .     (no cloak)
rCorr  .         Warding  .     (gloves unavailable)
rMut   .         Stasis   .     (boots unavailable)
MR     .....                    (no amulet)
Stlth  +.........               (no ring)
                                (no ring)

@: flying, not resistant to hostile enchantments, very unstealthy
A: unfitting armour, claws 3, fast metabolism 3, gourmand, regeneration 2,
shaggy fur 1, tough skin 2
a: Renounce Religion


You were on level 3 of the Dungeon.
You worshipped Nemelex Xobeh.
Nemelex Xobeh was noncommittal.
You were full.

You visited 1 branch of the dungeon, and saw 3 of its levels.

You collected 91 gold pieces.

Inventory:

Hand Weapons
 p - a +0 blowgun
Missiles
 m - 8 needles of sleeping
 r - 16 poisoned needles
Armour
 a - a +0 animal skin (worn)
 l - a +0 large shield (worn)
Jewellery
 q - a +3 ring of dexterity {unknown}
Scrolls
 j - a scroll of fear
 o - a scroll of recharging
 s - 2 scrolls of remove curse
 w - a scroll of identify {unknown}
Potions
 c - a potion of beneficial mutation {unknown}
 e - a potion of degeneration {unknown}
 f - a potion of resistance {unknown}
 h - a potion of haste {unknown}
 i - a potion of flight
 k - a potion of heal wounds {unknown}
 n - a potion of curing {unknown}
 u - a potion of lignification {unknown}
 v - a potion of ambrosia {unknown}
Miscellaneous
 t - a plain deck of escape {drawn: 3}
 x - a plain deck of escape
Comestibles
 b - 3 bread rations
 d - a beef jerky
 g - 3 meat rations


   Skills:
 + Level 3.3 Fighting
 + Level 4.2 Dodging
 + Level 0.3 Stealth
 + Level 2.4 Shields
 + Level 4.1 Unarmed Combat


You had 5 spell levels left.
You didn't know any spells.

Dungeon Overview and Level Annotations

Branches:
Dungeon (3/15)

Altars:
Makhleb
Nemelex Xobeh
Qazlal
Zin


Innate Abilities, Weirdness & Mutations

You are too large for most types of armour.
You have claws for hands.
Your metabolism is lightning-fast.
You like to eat raw meat.
You heal very quickly.
You are covered in fur (AC +1).
You have very tough skin (AC +2).


Message History

The black bear claws you. x2
The black bear bites you.
The black bear claws you but does no damage.
The black bear claws you. The polar bear bites you. The polar bear claws you.
The polar bear claws you but does no damage.
The black bear bites you.
The black bear claws you but does no damage.
The black bear barely misses you. The black bear bites you!
* * * LOW HITPOINT WARNING * * *
The black bear claws you but does no damage. x2
Drink which item? (? for menu, Esc to quit)
It was a potion of flight.
You feel very buoyant.
You fly up into the air.
The polar bear barely misses you. You block the polar bear's attack. x2
The black bear bites you!
* * * LOW HITPOINT WARNING * * *
The black bear claws you.
You die...
Your body disappears without a glow.

.....#
#†.......
.....#
#######........
.....#
#..............
.....#
#.......#######
....)#
#.......#
.....#
#.......#
.....#
#.......#
.....#
#.....h.#
.....#
#.....h@#
.....#
#.....h.#
######
#.......#
#.......#
#########


You could see a polar bear (berserk) and 2 black bears.

Vanquished Creatures
  Grinder (D:3)
  A hound (D:3)
  4 gnolls (D:2)
  4 adders
  A worm (D:2)
  2 giant geckos
  13 orcs (D:3)
  12 hobgoblins
  8 kobolds
  6 bats
  5 giant newts
  9 goblins
  5 rats
71 creatures vanquished.

Notes
Turn   | Place    | Note
--------------------------------------------------------------
     0 | D:1      | kosy22 the Troll Berserker began the quest for the Orb.
     0 | D:1      | Reached XP level 1. HP: 22/22 MP: 0/0
   331 | D:1      | Reached XP level 2. HP: 29/29 MP: 1/1
   827 | D:1      | You fall through a shaft!
   855 | D:2      | Found a glowing silver altar of Zin.
   855 | D:2      | Found a burning altar of Makhleb.
   856 | D:2      | Noticed a cacodemon
   856 | D:2      | Noticed an angel
   905 | D:2      | Reached ** piety under Trog
   994 | D:2      | Reached XP level 3. HP: 22/36 MP: 2/2
  1275 | D:2      | Reached XP level 4. HP: 44/44 MP: 3/3
  1495 | D:2      | Reached skill level 1 in Shields
  1803 | D:3      | Reached XP level 5. HP: 40/52 MP: 4/4
  1836 | D:3      | Found a sparkling altar of Nemelex Xobeh.
  1841 | D:3      | Fell from the grace of Trog
  1841 | D:3      | Became a worshipper of Nemelex Xobeh the Trickster
  1902 | D:3      | Found a stormy altar of Qazlal.
  1908 | D:3      | Received a gift from Nemelex Xobeh
  2181 | D:3      | Noticed Grinder
  2199 | D:3      | Paralysed by Grinder for 4 turns
  2216 | D:3      | Paralysed by Grinder for 4 turns
  2225 | D:3      | Killed Grinder
  2225 | D:3      | Reached skill level 4 in Dodging
  2225 | D:3      | Reached XP level 6. HP: 46/61 MP: 5/5
  2268 | D:3      | Received a gift from Nemelex Xobeh
  2377 | D:3      | Noticed a polar bear
  2380 | D:3      | HP: 2/61 [black bear[the rage of Trog] (9)]
  2380 | D:3      | Slain by a black bear

Action                   |  1- 3 |  4- 6 || total
-------------------------+-------+-------++-------
Melee: Unarmed           |    76 |   123 ||   199
 Fire: Blowgun           |       |     1 ||     1
Invok: Berserk           |     1 |       ||     1
Evoke: Deck              |       |     3 ||     3
  Use: Scroll            |       |     6 ||     6
       Potion            |       |     1 ||     1
  Eat: Chunk             |     8 |    12 ||    20
       Bread ration      |     1 |       ||     1
